AoeStats
← [Marty]TheEY

Nomad

510570357Analyzed
4v4 RM · 1d ago on Oct 1, 2026· 20m 5s· 8 players
Game mode
Random Map
Map size
231×231
Population
200
Speed
Normal
Resources
Standard
Victory
Conquest
Starting age
Dark Age
Ending age
Imperial Age
RankedLock teamsTeams togetherTeam positionsShared explorationLock speedFull tech treeHidden civsTurbo modeCheats
Victory
Defeat
🇳🇱 Malay · Netherlands
1841
+8
🇳🇱 Cumans · Netherlands
1774
+11
🇩🇪 Dravidians · Germany
1758
+11
🇫🇷 Armenians · France
1707
+13
🇭🇰 Tatars · Hong Kong SAR China
1729
-14
🇭🇰 Saracens · Hong Kong SAR China
1657
-11
🇭🇰 Vikings · Hong Kong SAR China
1615
-9
🇭🇰 Byzantines · Hong Kong SAR China
1607
-9
Lauth3
6:53 Loom
14:47 Feudal Age
16:03 Fletching
Pollux
6:50 Loom
11:47 Feudal Age
12:39 Double-Bit Axe
14:14 Fletching
16:33 Horse Collar
22:06 Castle Age
Hisoka69
6:16 Loom
13:42 Feudal Age
14:55 Double-Bit Axe
17:29 Castle Age
15:48 Double-Bit Axe
16:19 Horse Collar
16:46 Horse Collar
16:49 Fishing Lines
18:30 Bow Saw
18:56 Gillnets
19:38 Scale Mail Armor
20:30 Wheelbarrow
AOKI_Zephyse
9:41 Loom
11:56 Feudal Age
12:34 Double-Bit Axe
17:14 Castle Age
18:31 Fletching
19:08 Bow Saw
Sakmelo
13:29 Feudal Age
18:13 Castle Age
16:39 Loom
16:46 Fletching
16:58 Double-Bit Axe
18:14 Crossbowman
18:37 Horse Collar
20:44 Ballistics
[Marty]TheEY
11:42 Feudal Age
12:10 Double-Bit Axe
13:23 Loom
17:37 Fletching
happy伯
9:30 Loom
11:45 Feudal Age
12:15 Double-Bit Axe
17:21 Fletching
21:03 Castle Age
_luN
11:31 Loom
13:42 Feudal Age
15:02 Town Watch
17:44 Castle Age
15:48 Double-Bit Axe
16:29 Scale Barding Armor
17:30 Bloodlines
Connection lost

Rejoining the realm…

Still unreachable

The connection could not be restored.

Session expired

The server has moved on; the page needs a fresh start.